 Dungeon Crawl Stone Soup version 0.31-a0-231-g51bb95cda3 (webtiles) character file.

Game seed: 4481403999742015158

235 qw the Shooter (level 5, -5/46 HPs)
             Began as a Minotaur Hexslinger on July 6, 2023.
             Slain by Blork the orc
             ... wielding a +0 glaive of flaming
              (14 damage)
             ... on level 4 of the Dungeon.
             The game lasted 00:01:07 (2270 turns).

qw the Shooter (Minotaur Hexslinger)                Turns: 2270, Time: 00:01:08

Health: -5/46      AC:  8    Str: 13    XL:     5   Next: 76%
Magic:  5/5        EV: 11    Int: 10    God:
Gold:   24         SH:  0    Dex: 14    Spells: 5/6 levels left

rFire   . . .        Y - +2 sling
rCold   . . .        (no shield)
rNeg    . . .        d - +0 ring mail
rPois   .            (helmet restricted)
rElec   .            f - +2 cloak
rCorr   .            (no gloves)
SInv    .            (no boots)
Will    .....        k - amulet of regeneration
Stlth   +            (no ring)
HPRegen 1.07/turn    (no ring)
MPRegen 0.09/turn

%: no passive effects
@: no status effects
A: horns 2, retaliatory headbutt
a: no special abilities


You were on level 4 of the Dungeon.
You visited 1 branch of the dungeon, and saw 4 of its levels.

You collected 130 gold pieces.
You spent 106 gold pieces at shops.


Innate Abilities, Weirdness & Mutations

You have a pair of horns on your head.
You reflexively headbutt those who attack you in melee.


   Skills:
 - Level 4.1 Fighting
 + Level 5.4 Ranged Weapons
 - Level 1.1 Armour
 - Level 2.1 Dodging
 - Level 1.0 Spellcasting
 - Level 2.0 Hexes


You had 5 spell levels left.
You knew the following spells:

 Your Spells              Type           Power      Damage    Failure   Level
a - Slow                  Hex            16%        N/A       32%         1

Your spell library contained the following spells:

 Spells                   Type           Power      Damage    Failure   Level
 Inner Flame              Hex/Fire       2%         N/A       82%         3
 Portal Projectile        Hex/Tloc       4%         N/A       82%         3
 Cause Fear               Hex            2%         N/A       97%         4

Inventory:

Hand Weapons
 Y - a +2 sling (weapon)
Armour
 d - a +0 ring mail (worn)
 f - a +2 cloak (worn)
Jewellery
 b - a ring of fire
 k - an amulet of regeneration (around neck)
Scrolls
 c - a scroll of identify
 e - a scroll of brand weapon {unknown}
 i - 2 scrolls of enchant armour
Potions
 a - a potion of brilliance {unknown}
 g - 2 potions of enlightenment
 h - a potion of mutation
 l - 3 potions of curing
 m - a potion of might {unknown}
 n - a potion of heal wounds {unknown}
 o - a potion of lignification {unknown}

Dungeon Overview and Level Annotations

Branches:
Dungeon (4/15)
 Temple: D:4-7

Altars:
Trog
Uskayaw

Shops:
D:3 [*([?

Annotations:
D:4 Blork the orc


Message History

You shoot a sling bullet. The sling bullet hits the ball python!
You kill the ball python!
You shoot a sling bullet. The sling bullet hits Blork the orc.
Blork the orc is moderately wounded.
Blork the orc hits you from afar with a +0 glaive of flaming!
Blork the orc burns you.
You shoot a sling bullet.
The sling bullet barely misses Blork the orc.
An adder comes into view.
Blork the orc gestures at you while chanting.
The puff of flame hits you.
You shoot a sling bullet. The sling bullet hits Blork the orc.
Blork the orc is heavily wounded.
Blork the orc closely misses you.
You shoot a sling bullet. The sling bullet hits Blork the orc.
Blork the orc is heavily wounded.
Blork the orc closely misses you.
Blork the orc hits you from afar with a +0 glaive of flaming!
Blork the orc burns you.
You shoot a sling bullet.
The sling bullet barely misses Blork the orc.
Blork the orc casts a spell at you. The magic dart hits you!
You shoot a sling bullet.
The sling bullet closely misses Blork the orc.
The sling bullet closely misses the adder.
Blork the orc points at you and mumbles some strange words.
The magic dart hits you.
You shoot a sling bullet.
The sling bullet hits Blork the orc but does no damage.
Blork the orc is heavily wounded.
Blork the orc barely misses you.
You shoot a sling bullet. The sling bullet hits Blork the orc!
Blork the orc is severely wounded.
Blork the orc casts a spell at you. The puff of flame hits you.
Blork the orc barely misses you.
You shoot a sling bullet. The sling bullet hits Blork the orc.
Blork the orc is severely wounded.
Blork the orc hits you from afar with a +0 glaive of flaming!
You die...

.. ... .... ##
#.... ##. #S...
##... ###oB.
#...###..#
##...##.@#
##.....).## ...
##.......##
...####........##
#..............##
#.......?......####
##.....###.........
#.....####..######
#......##..##


You could see Blork the orc, an adder and a giant cockroach.

Vanquished Creatures
  A scorpion (D:4)
  Natasha (D:4)
  6 adders
  An ufetubus (D:3)
  3 dart slugs
  2 worms
  8 orcs
  4 ball pythons
  6 endoplasms
  A giant cockroach (D:2)
  9 goblins
  4 hobgoblins
  3 jackals (D:2)
  2 quokkas
  8 bats
  3 frilled lizards
  9 kobolds
  4 rats
75 creatures vanquished.

Notes
Turn   | Place    | Note
-------+----------+-------------------------------------------
     0 | D:1      | qw the Minotaur Hexslinger began the quest for the Orb.
     0 | D:1      | Reached XP level 1. HP: 16/16 MP: 1/1
     0 | D:1      | 0 ||| qw: Version: 0.3-a-46-gb1f654a
     0 | D:1      | 0 ||| qw: Game counter: 1857
     0 | D:1      | 0 ||| qw: Melee chars always use a shield: true
     0 | D:1      | 0 ||| qw: God list: Okawaru
     0 | D:1      | 0 ||| qw: Allow faded altars: false
     0 | D:1      | 0 ||| qw: Do Orc after clearing Dungeon:15 true
     0 | D:1      | 0 ||| qw: Do second Lair branch before Depths: true
     0 | D:1      | 0 ||| qw: Lair rune preference: random
     0 | D:1      | 0 ||| qw: Goals: Normal
     0 | D:1      | 0 ||| PLANNING D:1-11
    47 | D:1      | Reached skill level 3 in Ranged Weapons
    76 | D:1      | Reached XP level 2. HP: 23/23 MP: 2/2
   629 | D:1      | Reached XP level 3. HP: 25/29 MP: 3/3
   669 | D:1      | 669 ||| UPGRADING to +0 cloak.
   674 | D:1      | 674 ||| READING scroll labelled ACAIR CIGAGEIS.
   675 | D:1      | 675 ||| READING scroll labelled GIAZUU RINA.
   676 | D:1      | 676 ||| READING scroll labelled XOR PISEUSAXO.
   677 | D:1      | 677 ||| READING scroll labelled EBBIPH ZECATA.
   678 | D:1      | 678 ||| READING scroll labelled TAMPOIHIJO.
   679 | D:1      | 679 ||| DRINKING 2 metallic black potions.
   680 | D:1      | 680 ||| DROPPING scroll of poison.
   935 | D:2      | Found a faded altar of an unknown god.
  1116 | D:2      | Reached skill level 4 in Ranged Weapons
  1123 | D:2      | 1123 ||| READING scroll of enchant armour.
  1123 | D:2      | 1123 ||| ENCHANTING +0 cloak.
  1210 | D:2      | Found a bloodstained altar of Trog.
  1329 | D:2      | 1329 ||| UPGRADING to +0 leather armour.
  1339 | D:2      | 1339 ||| DROPPING +0 robe.
  1340 | D:2      | 1340 ||| UPGRADING to amulet of regeneration.
  1345 | D:2      | 1345 ||| READING scroll labelled OKIONG VUTEUXE.
  1346 | D:2      | 1346 ||| READING scroll labelled CIAPEC PESHORIA.
  1365 | D:3      | Reached XP level 4. HP: 36/36 MP: 4/4
  1374 | D:3      | Found Siullanumi's General Store.
  1415 | D:3      | Reached skill level 5 in Ranged Weapons
  1452 | D:3      | Found Fuakhuc's Weapon Shoppe.
  1486 | D:3      | 1486 ||| BUYING potion of curing (36 gold).
  1486 | D:3      | Bought a potion of curing for 36 gold pieces
  1486 | D:3      | 1486 ||| SHOPLISTING ring of resist corrosion (240 gold,
                  | have 53).
  1486 | D:3      | 1486 ||| SHOPLISTING ring of willpower (300 gold, have 53).
  1486 | D:3      | 1486 ||| BUYING scroll of identify (24 gold).
  1486 | D:3      | Bought a scroll of identify for 24 gold pieces
  1486 | D:3      | 1486 ||| BUYING scroll of identify (24 gold).
  1486 | D:3      | Bought a scroll of identify for 24 gold pieces
  1486 | D:3      | 1486 ||| SHOPLISTING scroll of teleportation (36 gold, have
                  | 5).
  1492 | D:3      | Found Xics's Antique Armour Shoppe.
  1502 | D:3      | 1502 ||| SHOPLISTING pair of runed boots (195 gold, have
                  | 5).
  1587 | D:3      | Found a hide-covered altar of Uskayaw.
  1647 | D:3      | Found Anuufon's Armour Boutique.
  1648 | D:3      | Found Usoecato's Magic Scroll Boutique.
  1664 | D:3      | 1664 ||| SHOPLISTING 2 scrolls of enchant weapon (165 gold,
                  | have 29).
  1664 | D:3      | 1664 ||| SHOPLISTING scroll of brand weapon (104 gold, have
                  | 29).
  1664 | D:3      | 1664 ||| BUYING scroll of identify (22 gold).
  1664 | D:3      | Bought a scroll of identify for 22 gold pieces
  1664 | D:3      | 1664 ||| SHOPLISTING scroll of identify (22 gold, have 7).
  1763 | D:3      | 1763 ||| UPGRADING to +0 ring mail.
  1773 | D:3      | 1773 ||| DROPPING +0 leather armour.
  1774 | D:3      | 1774 ||| READING scroll labelled FAUXIA BULAKIA.
  1775 | D:3      | 1775 ||| READING 4 scrolls of identify.
  1775 | D:3      | 1775 ||| IDENTIFYING purple potion
  1776 | D:3      | 1776 ||| READING 3 scrolls of identify.
  1776 | D:3      | 1776 ||| IDENTIFYING bubbling golden potion
  1777 | D:3      | 1777 ||| READING 2 scrolls of identify.
  1777 | D:3      | 1777 ||| IDENTIFYING golden potion
  1778 | D:3      | 1778 ||| DROPPING potion of berserk rage.
  1779 | D:3      | 1779 ||| DROPPING potion of attraction.
  1844 | D:4      | Reached skill level 1 in Armour
  1844 | D:4      | Reached XP level 5. HP: 44/44 MP: 5/5
  2235 | D:4      | Noticed Natasha
  2241 | D:4      | Killed Natasha
  2253 | D:4      | 2253 ||| READING 3 scrolls of enchant armour.
  2253 | D:4      | 2253 ||| ENCHANTING +1 cloak.
  2257 | D:4      | Noticed Blork the orc
  2266 | D:4      | HP: 10/46 [Blork the orc/magic dart (7)]
  2270 | D:4      | Slain by Blork the orc

Levels and vault maps discovered:
D:1:      wander_arrival_fairy_ring, layout_loops_ring
D:2:      layout_basic, shapermc_ecumenical_altar_gd, basic_altar
D:3:      layout_rooms, mainiacjoe_overflow_cross_hatched, serial_shops,
          nicolae_shop_waterfront, shop_fountains, shop,
          nicolae_shop_waterfront, shop
D:4:      layout_layer_cave, grunt_ministairs_2, uniq_natasha,
          uniq_blork_the_orc

Skill      XL: |  1  2  3  4  5 |
---------------+----------------+-----
Ranged Weapons | 3 4 5 |  5.4
Fighting       | 2 4 |  4.1
Armour         | 1 |  1.1
Dodging        | |  2.1
Spellcasting   | |  1.0
Hexes          | |  2.0

Action                     |  1- 3 |  4- 6 || total
---------------------------+-------+-------++-------
   Fire: Sling             |   122 |   127 ||   249
    Use: Scroll            |     8 |     5 ||    13
         Potion            |     1 |       ||     1
 Armour: Robe              |     7 |       ||     7
         Leather armour    |       |     8 ||     8
         Ring mail         |       |    12 ||    12
  Dodge: Dodged            |    33 |    45 ||    78

Table legend:
 A = Non-vault XP
 B = Vault XP
 C = Vault XP percentage of total XP
 D = Non-vault monster count
 E = Vault monster count
 F = Vault count percentage of total count
                 A         B        C        D         E       F
            +---------+---------+-------+---------+---------+-------
      Total |     297 |      40 |  11.9 |      72 |       3 |   4.0
            +---------+---------+-------+---------+---------+-------
        D:1 |      42 |       0 |   0.0 |      24 |       0 |   0.0
        D:2 |      46 |       0 |   0.0 |      18 |       0 |   0.0
        D:3 |      86 |       0 |   0.0 |      21 |       0 |   0.0
        D:4 |     123 |      40 |  24.5 |       9 |       3 |  25.0
            +---------+---------+-------+---------+---------+-------
